 Dungeon Crawl Stone Soup version 0.32-a0-411-g744942f433 (webtiles) character file.

Game seed: 16011118945039546856

4464 cforsyth the Carver (level 10, 0/83 HPs)
             Began as a Coglin Gladiator on Feb 20, 2024.
             Killed from afar by an electric eel (10 damage)
             ... with a bolt of electricity
             ... on level 9 of the Dungeon.
             The game lasted 00:10:24 (7963 turns).

cforsyth the Carver (Coglin Gladiator)              Turns: 7963, Time: 00:10:24

Health: 0/83       AC: 14    Str: 14    XL:     10   Next: 37%
Magic:  10/10      EV: 17    Int:  7    God:
Gold:   523        SH:  0    Dex: 20    Spells: 9/9 levels left

rFire   . . .        a - +0 long sword {Bolek}
rCold   . . .        o - +1 short sword (protect) {Harkiran}
rNeg    + . .        b - +0 leather armour
rPois   +            c - +0 helmet
rElec   .            p - +2 ratskin cloak {*Rats rPois rN+ Str-1 Int-1 Dex+1}
rCorr   .            (no gloves)
SInv    .            (no boots)
Will    .....        (no amulet)
Stlth   +            (no ring)
HPRegen 0.33/turn    (no ring)
MPRegen 0.12/turn

%: no passive effects
@: under a protective aura, immotile, revved, very slow
A: off-hand wielding, slow wielding, warmup strikes, legs shutdown
a: no special abilities


You were on level 9 of the Dungeon.
You visited 1 branch of the dungeon, and saw 9 of its levels.

You collected 523 gold pieces.


Innate Abilities, Weirdness & Mutations

You can wield a second weapon in your off-hand.
It takes a long time for you to wield or remove held weapons.
Your first few attacks do less damage.
Attacking and casting redirects power from your legs.


   Skills:
 + Level 9.0 Fighting
 + Level 9.1 Long Blades
 - Level 1.7 Throwing
 + Level 8.3 Dodging


You had 9 spell levels left.
You didn't know any spells.
Your spell library contained the following spells:

 Spells                   Type           Power      Damage    Failure   Level
 Apportation              Tloc           0%         N/A       52%         1
 Kiss of Death            Conj/Necr      0%         2d5       52%         1
 Magic Dart               Conj           0%         1d3       52%         1
 Summon Small Mammal      Summ           0%         N/A       52%         1
 Blink                    Tloc           0%         N/A       65%         2
 Call Imp                 Summ           0%         N/A       65%         2
 Jinxbite                 Hex            0%         N/A       65%         2
 Mercury Vapours          Alch/Air       0%         N/A       65%         2
 Call Canine Familiar     Summ           0%         N/A       87%         3
 Confusing Touch          Hex            0%         N/A       87%         3
 Mephitic Cloud           Conj/Alch/Air  0%         N/A       87%         3
 Tukima's Dance           Hex            0%         N/A       87%         3
 Dispel Undead            Necr           0%         3d6       99%         4
 Passage of Golubria      Tloc           0%         N/A       99%         4
 Summon Blazeheart Golem  Fire/Summ      0%         N/A       99%         4
 Alistair's Intoxication  Alch           0%         N/A       100%        5
 Freezing Cloud           Conj/Ice/Air   0%         6-21      100%        5
 Yara's Violent Unravell  Hex/Alch       0%         3d3       100%        5

Inventory:

Hand Weapons
 a - a +0 long sword (weapon) {Bolek}
 o - a +1 short sword of protection (offhand) {Harkiran}
Missiles
 d - 4 throwing nets (quivered) {=f}
 e - 9 javelins
Armour
 b - a +0 leather armour (worn)
 c - a +0 helmet (worn)
 k - the scarf "Iriergh" {harm, rC++}
   (You found it on level 2 of the Dungeon)

   rC++:      It greatly protects you from cold.
 p - the +2 ratskin cloak (worn) {*Rats rPois rN+ Str-1 Int-1 Dex+1}
   (You found it on level 2 of the Dungeon)

   *Rats:     When the wearer is hurt, rats may emerge from it to assist them.
   Str-1:     It affects your strength (-1).
   Int-1:     It affects your intelligence (-1).
   Dex+1:     It affects your dexterity (+1).
   rPois:     It protects you from poison rN+: It protects you from negative
   energy.
 t - a +2 hat
 A - a +0 pair of gloves
 I - a +0 pair of boots
 L - a +0 pair of gloves
Jewellery
 P - a ring of poison resistance
Wands
 q - a wand of paralysis (6)
 s - a wand of quicksilver (16)
 v - a wand of flame (14)
 F - a wand of digging (4)
 J - a wand of mindburst (17)
Scrolls
 g - 2 scrolls of revelation {unknown}
 h - 3 scrolls of immolation {unknown}
 j - 3 scrolls of noise {unknown}
 l - 3 scrolls of fog {unknown}
 m - 2 scrolls of fear {unknown}
 n - 6 scrolls of identify {unknown}
 u - 3 scrolls of teleportation {unknown}
 x - 2 scrolls of enchant weapon {unknown}
 y - 3 scrolls of enchant armour {unknown}
 B - a scroll of poison {unknown}
 G - 2 scrolls of butterflies {unknown}
Potions
 f - a potion of degeneration {unknown}
 i - 2 potions of heal wounds {@q2}
 r - a potion of curing {unknown}
 w - a potion of ambrosia {unknown}
 z - a potion of magic {unknown}
 C - 2 potions of lignification {unknown}
 D - a potion of might {unknown}
 E - a potion of resistance {unknown}
 H - 2 potions of brilliance {unknown}
 K - a potion of enlightenment {unknown}

Dungeon Overview and Level Annotations

Branches:
Dungeon (9/15)             Temple (0/1) D:5
   Lair: D:8-11         Orc: D:9-12

Altars:
Gozag
Makhleb
Nemelex Xobeh
Okawaru
Qazlal
Sif Muna
Vehumet
Zin

Annotations:
D:5 1 runed translucent door, zenocrate's ghost, weakling DsDe

≈≈≈≈≈≈≈≈≈P ..
~≈≈≈≈≈≈≈P♣ .
~≈≈≈≈≈≈~~~~♣ ~≈≈≈≈≈≈≈P
~## #########
~~≈≈≈≈~~~~.. ..#......#
~~PP~P~~♣~♣ ...#......#
~P~~~~SP~♣♣....#......#
~P~~~~~@♣~.....#<.....#
♣~♣~P♣♣~~♣ #......#
~~P~~~~~~#######......#
~~~P♣~~~..............#
♣♣P~~♣♣..............#
♣~~~♣...............#
..♣.♣................#
.....................#
....................#.


You could see an electric eel.


Message History

The bolt of electricity hits you!
* * * LOW HITPOINT WARNING * * *
The electric eel shoots out a bolt of lightning at you!
The bolt of electricity misses you.
You hit the electric eel with your +1 short sword of protection.
Your weapon exudes an aura of protection.
You kill the electric eel!
The electric eel shoots out a bolt of lightning at you!
The bolt of electricity hits you.
* * * LOW HITPOINT WARNING * * *
Your Fighting skill increases to level 9!
Your unstable footing causes you to fumble your attack.
You hit the electric eel with your +1 short sword of protection.
The electric eel shoots out a bolt of lightning at you!
The bolt of electricity misses you.
You barely miss the electric eel with your +0 long sword.
The electric eel is lightly wounded.
You hit the electric eel with your +1 short sword of protection.
The electric eel shoots out a bolt of lightning at you!
The bolt of electricity hits you.
* * * LOW HITPOINT WARNING * * *
You closely miss the electric eel with your +0 long sword.
The electric eel is moderately wounded.
You hit the electric eel with your +1 short sword of protection.
You miss the electric eel with your +0 long sword.
The electric eel is moderately wounded.
You puncture the electric eel with your +1 short sword of protection!
The electric eel shoots out a bolt of lightning at you!
The bolt of electricity hits you!
You die...

Skill      XL: |  1  2  3  4  5  6  7  8  9 10 |
---------------+-------------------------------+-----
Dodging        | 3 4 5 6 7 8 |  8.3
Fighting       | 3 5 6 8 9 |  9.0
Long Blades    | 4 5 6 7 8 9 |  9.1
Throwing       | |  1.7

Action                     |  1- 3 |  4- 6 |  7- 9 | 10-12 || total
---------------------------+-------+-------+-------+-------++-------
  Melee: Long sword        |    92 |   149 |   297 |   123 ||   661
         Short sword       |       |    96 |   276 |   111 ||   483
    Use: Potion            |       |       |       |     1 ||     1
   Stab: Sleeping          |       |     1 |       |       ||     1
         Distracted        |       |       |     1 |       ||     1
 Armour: Leather armour    |    50 |   104 |   189 |    67 ||   410
  Dodge: Dodged            |    83 |   106 |   228 |    92 ||   509

Levels and vault maps discovered:
D:1:      lightli_arrival_windingriver, layout_basic,
          ebering_ecumenical_altar_ruins
D:2:      layout_basic, grunt_ministairs_13, minmay_pentomino_q2, uniq_robin
D:3:      layout_basic, uniq_crazy_yiuf_cottage
D:4:      layout_cave_pools, lemuel_round_altar, uniq_pikel, uniq_sigmund
D:5:      layout_basic, makhleb_altar_promises_db, minmay_temple_entry_glass,
          hellmonk_ghost_happy_afterlife, minmay_misc_feat_five,
          minmay_fractal_squares_diagonal_5
D:6:      layout_rooms, grunt_temple_overflow_gold_and_silver, serial_demonic,
          serial_demonic_c, serial_demonic_g, serial_demonic_a,
          serial_demonic_f, serial_demonic_a, serial_demonic_d
D:7:      layout_gridville, lemuel_round_altar, old_standard_altar,
          nemelex_xobeh_ov_fountains_minmay, kennysheep_orc_sif_temple
D:8:      layout_gridville, minivault_11
D:9:      layout_grid_maze, trog_wizard,
          chequers_temple_overflow_statue_of_worship, serial_bayou_lake_a

Notes
Turn   | Place    | Note
-------+----------+-------------------------------------------
     0 | D:1      | cforsyth the Coglin Gladiator began the quest for the Orb.
     0 | D:1      | Reached XP level 1. HP: 16/16 MP: 1/1
    76 | D:1      | Reached XP level 2. HP: 21/22 MP: 2/2
   296 | D:1      | Reached skill level 3 in Dodging
   389 | D:1      | Reached XP level 3. HP: 28/28 MP: 3/3
   453 | D:1      | Found a faded altar of an unknown god.
  1053 | D:2      | Reached XP level 4. HP: 30/34 MP: 4/4
  1073 | D:2      | Identified the scarf "Iriergh" {harm, rC++}
  1126 | D:2      | Reached skill level 3 in Fighting
  1298 | D:2      | Noticed Robin
  1521 | D:2      | Reached skill level 4 in Long Blades
  1521 | D:2      | Reached XP level 5. HP: 34/41 MP: 5/5
  1627 | D:2      | Killed Robin
  1699 | D:2      | Found the +2 ratskin cloak {*Rats rPois rN+ Str-1 Int-1
                  | Dex+1}
  2190 | D:3      | Found a runed translucent door.
  2191 | D:3      | Noticed Crazy Yiuf
  2200 | D:3      | Killed Crazy Yiuf
  2201 | D:3      | Reached skill level 4 in Dodging
  2201 | D:3      | Reached XP level 6. HP: 41/48 MP: 6/6
  2277 | D:4      | Noticed Pikel
  2303 | D:3      | Reached skill level 4 in Fighting
  2630 | D:4      | Killed Pikel
  2631 | D:4      | Reached skill level 5 in Fighting
  2631 | D:4      | Reached skill level 5 in Long Blades
  2631 | D:4      | Reached skill level 5 in Dodging
  2631 | D:4      | Reached XP level 7. HP: 24/56 MP: 7/7
  2877 | D:4      | Found a radiant altar of Vehumet.
  2880 | D:4      | Noticed Sigmund
  2914 | D:4      | Killed Sigmund
  2915 | D:4      | Reached skill level 6 in Long Blades
  2915 | D:4      | Reached XP level 8. HP: 27/63 MP: 8/8
  3412 | D:5      | Entered Level 5 of the Dungeon
  3513 | D:5      | Reached skill level 6 in Fighting
  3686 | D:5      | Reached skill level 6 in Dodging
  3868 | D:5      | Found a staircase to the Ecumenical Temple.
  3924 | D:5      | Reached skill level 7 in Long Blades
  4055 | D:5      | Found a runed translucent door.
  4055 | D:5      | Noticed zenocrate's ghost (weakling DsDe)
  4124 | D:5      | Reached XP level 9. HP: 70/71 MP: 9/9
  4285 | D:5      | Found a burning altar of Makhleb.
  4285 | D:5      | Noticed a blizzard demon
  4288 | D:5      | Noticed a hellwing
  4406 | D:5      | Reached skill level 7 in Fighting
  5220 | D:5      | Reached skill level 7 in Dodging
  5588 | D:6      | Reached skill level 8 in Long Blades
  5876 | D:6      | Reached skill level 8 in Fighting
  5981 | D:6      | Found a glowing silver altar of Zin.
  5982 | D:6      | Found an opulent altar of Gozag.
  6252 | D:7      | Reached XP level 10. HP: 77/81 MP: 10/10
  6280 | D:7      | Found an iron altar of Okawaru.
  6328 | D:7      | Found a stormy altar of Qazlal.
  6357 | D:7      | Found a sparkling altar of Nemelex Xobeh.
  6754 | D:7      | Found a shimmering blue altar of Sif Muna.
  6758 | D:7      | Reached skill level 8 in Dodging
  7429 | D:8      | Reached skill level 9 in Long Blades
  7960 | D:9      | Reached skill level 9 in Fighting
  7963 | D:9      | Killed from afar by an electric eel

Vanquished Creatures
  Sigmund (D:4)
  A shadow (D:9)
  2 water moccasins
  An orc warrior (D:7)
  4 ice beasts
  2 black bears
  4 ogres
  A centaur (D:8)
  A phantom (D:5)
  4 lemures (D:3)
  4 kobold brigands
  3 bullfrogs
  A gnoll sergeant (D:6)
  4 scorpions
  5 wights
  7 howler monkeys
  2 electric eels (D:9)
  3 bombardier beetles
  A hound (D:5)
  2 jellies
  Crazy Yiuf (D:3)
  2 iguanas
  4 orc wizards (D:7)
  Robin (D:2)
  7 gnolls
  7 adders
  4 shadow imps (D:6)
  5 white imps
  4 ufetubi (D:6)
  4 dart slugs
  2 ribbon worms
  12 orcs
  8 ball pythons
  6 endoplasms
  4 giant cockroaches
  16 goblins
  13 hobgoblins
  2 jackals (D:2)
  27 kobolds
  2 quokkas
  6 bats
  4 frilled lizards
  A rat (D:1)
195 creatures vanquished.

Vanquished Creatures (collateral kills)
  Pikel (D:4)
  A steam dragon (D:6)
  A quasit (D:6)
  2 gnolls (D:6)
  A quokka (D:4)
6 creatures vanquished.

Grand Total: 201 creatures vanquished

Table legend: (Time is in decaauts)
 A = Elapsed time spent in this place.
 B = Non-inter-level travel time spent in this place.
 C = Inter-level travel time spent in this place.
 D = Time resting spent in this place.
 E = Time spent auto-exploring this place.
 F = Levels seen in this place.
 G = Mean time per level.
                   A        B        C        D        E       F      G
               +--------+--------+--------+--------+--------+-----+--------+
         Total |   7956 |   7728 |    228 |   1158 |   5084 |   9 |  884.0 |
       Dungeon |   7956 |   7728 |    228 |   1158 |   5084 |   9 |  884.0 |
               +--------+--------+--------+--------+--------+-----+--------+

Top non-repeatable levels by time:
     D:5: 1811 daAuts
     D:1: 1209 daAuts
     D:7: 993 daAuts
     D:6: 871 daAuts
     D:4: 797 daAuts
     D:8: 737 daAuts
     D:2: 728 daAuts
     D:3: 708 daAuts
     D:9: 98 daAuts

Table legend:
 A = Non-vault XP
 B = Vault XP
 C = Vault XP percentage of total XP
 D = Non-vault monster count
 E = Vault monster count
 F = Vault count percentage of total count
                 A         B        C        D         E       F
            +---------+---------+-------+---------+---------+-------
      Total |    4608 |    1770 |  27.8 |     160 |      37 |  18.8
            +---------+---------+-------+---------+---------+-------
        D:1 |      75 |       6 |   7.4 |      26 |       2 |   7.1
        D:2 |      80 |      60 |  42.9 |      20 |       8 |  28.6
        D:3 |      90 |      40 |  30.8 |      15 |       1 |   6.2
        D:4 |     204 |     889 |  81.3 |      22 |       2 |   8.3
        D:5 |     940 |     372 |  28.4 |      16 |       8 |  33.3
        D:6 |    1348 |     141 |   9.5 |      24 |      11 |  31.4
        D:7 |     826 |     262 |  24.1 |      18 |       5 |  21.7
        D:8 |     736 |       0 |   0.0 |      16 |       0 |   0.0
        D:9 |     309 |       0 |   0.0 |       3 |       0 |   0.0
            +---------+---------+-------+---------+---------+-------
